 Dungeon Crawl Stone Soup version 0.30-a0-122-g2a1322497e (webtiles) character file.

Game seed: 8909829742049319486

24 porpoise the Shooter (level 3, -1/17 (21) HPs)
             Began as a Kobold Hexslinger on Sept 16, 2022.
             Slain by Terence
             ... wielding a +1 mace of draining
              (10 damage)
             ... on level 2 of the Dungeon.
             The game lasted 00:02:59 (834 turns).

porpoise the Shooter (Kobold Hexslinger)             Turns: 834, Time: 00:02:59

HP:   -1/17 (21)    AC:  3    Str:  7    XL:     3   Next: 15%
MP:   2/4           EV: 15    Int: 16    God:
Gold: 57            SH:  0    Dex: 15    Spells: 3/4 levels left

rFire   . . .      SeeInvis .    a - +1 sling
rCold   . . .      Faith    .    (no shield)
rNeg    . . .      Spirit   .    c - +0 robe
rPois   .          Reflect  .    (no helmet)
rElec   .          Harm     .    (no cloak)
rCorr   .          Rampage  .    (no gloves)
Will    .....                    e - +0 pair of boots
Stlth   +++.......               (no amulet)
HPRegen 0.05/turn                (no ring)
MPRegen 0.09/turn                (no ring)

@: heavily drained
A: small, no large weapons, nightstalker 3
a: no special abilities


You were on level 2 of the Dungeon.
You visited 1 branch of the dungeon, and saw 2 of its levels.

You collected 57 gold pieces.

Inventory:

Hand Weapons
 a - a +1 sling (weapon)
 b - a +0 short sword
Missiles
 h - 5 poisoned darts
 j - 5 atropa-tipped darts
Armour
 c - a +0 robe (worn)
 e - a +0 pair of boots (worn)
Jewellery
 d - a ring of fire
Scrolls
 f - a scroll of poison
 g - a scroll of torment {unknown}
 i - 3 scrolls of identify {unknown}
 l - a scroll of brand weapon {unknown}
Potions
 k - a potion of brilliance {unknown}
 m - a potion of curing {unknown}


   Skills:
 + Level 2.0 Fighting
 + Level 3.4 Ranged Weapons
 - Level 2.4 Dodging
 + Level 1.9 Stealth
 - Level 1.1 Spellcasting
 - Level 3.0 Hexes


You had 3 spell levels left.
You knew the following spells:

 Your Spells              Type           Power      Damage    Failure   Level
a - Slow                  Hex            40%        N/A       7%          1

Your spell library contained the following spells:

 Spells                   Type           Power      Damage    Failure   Level
 Inner Flame              Hex/Fire       5%         N/A       36%         3
 Portal Projectile        Hex/Tloc       10%        N/A       36%         3
 Gell's Gravitas          Tloc           0%         N/A       56%         3
 Lesser Beckoning         Tloc           0%         N/A       56%         3
 Ozocubu's Armour         Ice            0%         N/A       56%         3
 Teleport Other           Tloc           0%         N/A       56%         3
 Cause Fear               Hex            5%         N/A       54%         4
 Passage of Golubria      Tloc           0%         N/A       92%         4
 Silence                  Hex/Air        2%         N/A       98%         5
 Ozocubu's Refrigeration  Ice            0%         4d7       100%        7
 Lehudib's Crystal Spear  Conj/Erth      0%         10d2      100%        8


Dungeon Overview and Level Annotations

Branches:
Dungeon (2/15)

Altars:

Annotations:
D:2 Terence


Innate Abilities, Weirdness & Mutations

You are small and have problems with some larger weapons.
You are completely attuned to the shadows.


Message History

The rat barely misses you. x2
You shoot a sling bullet. The sling bullet hits the rat.
You kill the rat!
No target in view!
No target in view!
You start resting.
Magic restored.
You start resting.
HP restored.
You climb downwards.
Level annotation: Terence Terence misses you.
Terence hits you with a +1 mace of draining.
You feel drained.
There is a stone staircase leading up, spattered with blood here.
Casting: Slow (safe; 7% risk of failure)
Confirm with . or Enter, or press ? or * to list all spells.
Aiming: Slow (safe; 7% risk of failure)
Press: ? - help, Shift-Dir - straight line, f - Terence
Aim: Terence, wielding a +1 mace of draining and wearing a +0 chain mail (chance to affect: 57%) Terence resists with significant effort.
Terence hits you with a +1 mace of draining.
You feel drained.
Casting: Slow (safe; 7% risk of failure)
Confirm with . or Enter, or press ? or * to list all spells.
Aiming: Slow (safe; 7% risk of failure)
Press: ? - help, Shift-Dir - straight line, f/p - Terence
Aim: Terence, wielding a +1 mace of draining and wearing a +0 chain mail (chance to affect: 57%) Terence seems to slow down.
You shoot a sling bullet. The sling bullet hits Terence!
Terence is moderately wounded.
Terence hits you with a +1 mace of draining.
You feel drained.
You shoot a sling bullet.
The sling bullet closely misses Terence.
Terence completely misses you.
You shoot a sling bullet. The sling bullet barely misses Terence.
Terence hits you with a +1 mace of draining!
Ouch! That really hurt!
You die...

#........
#........
#........
.........
#...@@...
#........
#........
#........
#........


You could see Terence (slow).

Vanquished Creatures
  2 dart slugs (D:1)
  A giant cockroach (D:1)
  2 goblins (D:1)
  3 hobgoblins (D:1)
  A jackal (D:1)
  A kobold (D:1)
  5 ball pythons (D:1)
  A frilled lizard (D:1)
  3 rats (D:1)
19 creatures vanquished.

Notes
Turn   | Place    | Note
-------+----------+-------------------------------------------
     0 | D:1      | porpoise the Kobold Hexslinger began the quest for the Orb.
     0 | D:1      | Reached XP level 1. HP: 12/12 MP: 2/2
   212 | D:1      | Reached skill level 1 in Stealth
   217 | D:1      | Reached XP level 2. HP: 14/16 MP: 3/3
   490 | D:1      | Reached XP level 3. HP: 21/21 MP: 4/4
   801 | D:2      | Noticed Terence
   834 | D:2      | Slain by Terence

Illustrated notes

Levels and vault maps discovered:
D:1:      evilmike_arrival_rings, layout_rooms, minmay_hexomino_c4
D:2:      layout_rooms, uniq_terence, uniq_sigmund

Skill      XL: |  1  2  3 |
---------------+----------+-----
Ranged Weapons | 3 |  3.4
Stealth        | 1 |  1.9
Fighting       | 2 |  2.0
Dodging        | |  2.4
Spellcasting   | |  1.1
Hexes          | |  3.0

Action                   || total
-------------------------++-------
Melee: Short sword       ||     1
 Fire: Sling             ||    46
 Cast: Slow              ||     3
Armor: Robe              ||     1
Dodge: Dodged            ||    19

Table legend: (Time is in decaauts)
 A = Elapsed time spent in this place.
 B = Non-inter-level travel time spent in this place.
 C = Inter-level travel time spent in this place.
 D = Time resting spent in this place.
 E = Time spent auto-exploring this place.
 F = Levels seen in this place.
 G = Mean time per level.
                   A        B        C        D        E       F      G
               +--------+--------+--------+--------+--------+-----+--------+
         Total |    843 |    797 |     46 |     48 |    629 |   2 |  421.5 |
       Dungeon |    843 |    797 |     46 |     48 |    629 |   2 |  421.5 |
               +--------+--------+--------+--------+--------+-----+--------+

Top non-repeatable levels by time:
     D:1: 831 daAuts
     D:2: 11 daAuts
